 Dungeon Crawl Stone Soup version 0.31-a0-188-g5e087ee2ca (webtiles) character file.

Game seed: 13666214537710873225

1009 qw the Skirmisher (level 8, -1/46 HPs)
             Began as a Deep Elf Hunter on June 23, 2023.
             Slain by a white imp (3 damage)
             ... on level 5 of the Dungeon.
             The game lasted 00:01:41 (4820 turns).

qw the Skirmisher (Deep Elf Hunter)                 Turns: 4820, Time: 00:01:41

Health: -1/46      AC:  6    Str: 10    XL:     8   Next: 1%
Magic:  10/10      EV: 11    Int: 15    God:
Gold:   230        SH:  0    Dex: 18    Spells: 7/7 levels left

rFire   . . .        Y - +0 orcbow
rCold   . . .        (shield currently unavailable)
rNeg    . . .        n - +0 ring mail
rPois   .            b - +0 helmet
rElec   .            (no cloak)
rCorr   +            (no gloves)
SInv    .            (no boots)
Will    .....        k - amulet of the acrobat
Stlth   +            e - ring of resist corrosion
HPRegen 0.27/turn    (no ring)
MPRegen 0.12/turn

%: acrobat
@: no status effects
A: no striking features
a: no special abilities


You were on level 5 of the Dungeon.
You visited 2 branches of the dungeon, and saw 7 of its levels.

You collected 230 gold pieces.


   Skills:
 - Level 3.4 Fighting
 + Level 11.7 Ranged Weapons
 - Level 1.0 Armour
 - Level 3.2 Dodging
 - Level 1.2 Stealth


You had 7 spell levels left.
You didn't know any spells.
Your spell library was empty.

Inventory:

Hand Weapons
 Y - a +0 orcbow (weapon)
Armour
 b - a +0 helmet (worn)
 n - a +0 ring mail (worn)
Jewellery
 e - a ring of resist corrosion (left hand)
 k - an amulet of the acrobat (around neck)
Scrolls
 l - a scroll of identify
Potions
 a - a potion of degeneration {unknown}
 c - a potion of haste
 d - a potion of mutation {unknown}
 f - a potion of cancellation {unknown}
 g - a potion of might
 h - a potion of attraction {unknown}
 j - a potion of curing
 m - a potion of enlightenment {unknown}
 o - a potion of lignification {unknown}

Dungeon Overview and Level Annotations

Branches:
Dungeon (6/15)             Temple (1/1) D:5

Altars:
Ashenzari
Dithmenos
Elyvilon
Hepliaklqana
Makhleb
Nemelex Xobeh
Ru
Sif Muna
Trog
Uskayaw
Wu Jian
Yredelemnul
Zin
The Shining One

Annotations:
D:3 1 runed translucent door, qw's ghost, amateur DEHu
D:5 1 runed translucent door, qw's ghost, novice GrFi


Message History

The iguana bites you!
4811 ||| STAIRDANCE The iguana closely misses you.
The white imp gestures at you. The puff of frost misses you.
You climb upwards.
Level annotation: 1 runed translucent door, qw's ghost, novice GrFi
There is a stone staircase leading down here.
You shoot an arrow. The arrow hits the iguana!
The iguana is severely wounded.
The iguana bites you. The white imp gestures at you.
The puff of frost misses you. The iguana bites you!
The white imp hits you but does no damage.
You shoot an arrow.
The arrow hits the iguana but does no damage.
The iguana is severely wounded.
The white imp hits you but does no damage.
The iguana closely misses you.
You shoot an arrow. The arrow barely misses the iguana.
The white imp gestures at you.
The puff of frost hits you but does no damage.
The iguana bites you!
You shoot an arrow. The arrow barely misses the iguana.
The white imp hits you but does no damage.
The iguana bites you but does no damage.
You shoot an arrow. The arrow closely misses the iguana.
The white imp barely misses you. The iguana closely misses you.
You shoot an arrow.
The arrow hits the iguana but does no damage.
The iguana is severely wounded.
The white imp gestures at you. The puff of frost hits you!
The iguana closely misses you.
You shoot an arrow. The arrow hits the iguana.
You kill the iguana!
The white imp misses you.
You have reached level 8!
You feel clever.
You shoot an arrow. The arrow barely misses the white imp.
The white imp hits you. The white imp freezes you.
You die...

.....#........PP.................
....#....##...............######.
....#.##.##.###...........# ##
....#.##.##.# #...........#
....#.##....# #......####### ####
#####.####### #.....##~~~7.7##..#
#####.# ###...#~~~7...7#..#
....#.###########...#~~~8._..'..#
....#.##........@...#~~~7...7#..#
....#...........%5..##~~~7.7##..#
.<..####..........###########....
....## #..........# #.........
.....###..........######.........
##+#.............................
.#......#....##..................
.#.#.####....##..................
.'...# #....##............#####>


You could see a white imp.

Vanquished Creatures
  Grinder (D:4)
  An ogre (D:5)
  A centaur (D:5)
  A phantom (D:5)
  2 scorpions
  A howler monkey (D:5)
  4 hounds
  3 jellies (D:5)
  An iguana (D:5)
  Terence (D:2)
  Natasha (D:2)
  Robin (D:2)
  4 adders
  A shadow imp (D:5)
  An ufetubus (D:4)
  A worm (D:4)
  4 dart slugs
  3 orcs
  6 endoplasms
  14 goblins
  8 hobgoblins
  2 jackals (D:2)
  11 kobolds
  4 quokkas
  11 ball pythons
  9 bats
  2 frilled lizards (D:3)
  5 rats
104 creatures vanquished.

Notes
Turn   | Place    | Note
-------+----------+-------------------------------------------
     0 | D:1      | qw the Deep Elf Hunter began the quest for the Orb.
     0 | D:1      | Reached XP level 1. HP: 12/12 MP: 3/3
     0 | D:1      | 0 ||| qw: Version: 0.3-a-9-g12657ce
     0 | D:1      | 0 ||| qw: Game counter: 3935
     0 | D:1      | 0 ||| qw: Always use a shield: true
     0 | D:1      | 0 ||| qw: God list: Okawaru
     0 | D:1      | 0 ||| qw: Allow faded altars: false
     0 | D:1      | 0 ||| qw: Do Orc after D:15 true
     0 | D:1      | 0 ||| qw: Do second Lair branch before Depths: true
     0 | D:1      | 0 ||| qw: Lair rune preference: random
     0 | D:1      | 0 ||| qw: Plans: Normal
     0 | D:1      | 0 ||| PLANNING D:1-11
   171 | D:1      | Reached skill level 6 in Ranged Weapons
   171 | D:1      | Reached XP level 2. HP: 16/16 MP: 4/4
   594 | D:1      | Reached XP level 3. HP: 20/20 MP: 5/5
   826 | D:1      | 826 ||| READING scroll labelled DURRAO EGRI.
   827 | D:1      | 827 ||| DROPPING scroll of butterflies.
   901 | D:2      | Noticed Robin
   902 | D:2      | 902 ||| Stepping ~*~*~tactically~*~*~ (outnumbered).
   903 | D:2      | 903 ||| Stepping ~*~*~tactically~*~*~ (outnumbered).
   914 | D:2      | Killed Robin
   915 | D:2      | Reached skill level 7 in Ranged Weapons
   987 | D:2      | Reached XP level 4. HP: 25/25 MP: 6/6
  1042 | D:2      | Noticed Terence
  1054 | D:2      | HP: 6/25 [Terence/+0 flail (4)]
  1056 | D:2      | HP: 2/25 [Terence/+0 flail (5)]
  1058 | D:2      | Killed Terence
  1253 | D:2      | Noticed Natasha
  1257 | D:2      | Killed Natasha
  1258 | D:2      | Reached skill level 8 in Ranged Weapons
  1593 | D:2      | 1593 ||| UPGRADING to +0 helmet.
  1599 | D:2      | 1599 ||| UPGRADING to +0 scale mail.
  1609 | D:2      | 1609 ||| DROPPING +0 leather armour.
  1613 | D:2      | 1613 ||| UPGRADING to amulet of the acrobat.
  1618 | D:2      | 1618 ||| READING scroll labelled BAIXOE XETATAJ.
  1619 | D:2      | 1619 ||| READING scroll labelled VEKIZY DURARYU.
  1620 | D:2      | 1620 ||| READING scroll labelled SAKIESTR NUFA.
  1664 | D:2      | 1664 ||| READING scroll labelled FEPSEL PE YNEO.
  1665 | D:2      | 1665 ||| READING scroll labelled UBBAACW MADIBBU.
  1669 | D:2      | 1669 ||| DRINKING 2 ruby potions.
  1939 | D:3      | Reached XP level 5. HP: 18/29 MP: 7/7
  2527 | D:3      | Found a runed translucent door.
  2528 | D:3      | Noticed qw's ghost (amateur DEHu)
  2854 | D:3      | 2854 ||| READING scroll labelled ZUNOCO BEIFUQI.
  2855 | D:3      | 2855 ||| READING scroll labelled TACUYWUOCY.
  2856 | D:3      | 2856 ||| READING scroll labelled PYSUHOS KYMIETT.
  2965 | D:4      | Noticed Grinder
  2969 | D:4      | Paralysed by Grinder for 4 turns
  2974 | D:4      | Paralysed by Grinder for 4 turns
  2974 | D:4      | HP: 7/29 [Grinder (4)]
  2974 | D:4      | HP: 3/29 [Grinder (4)]
  2978 | D:4      | 2978 ||| READING scroll of teleportation.
  2979 | D:4      | 2979 ||| DRINKING potion of heal wounds.
  3010 | D:4      | Reached skill level 9 in Ranged Weapons
  3181 | D:4      | Reached skill level 1 in Armour
  3191 | D:4      | 3191 ||| FLEEEEING.
  3205 | D:4      | 3205 ||| FLEEEEING.
  3206 | D:4      | 3206 ||| FLEEEEING.
  3207 | D:4      | 3207 ||| FLEEEEING.
  3208 | D:4      | 3208 ||| FLEEEEING.
  3209 | D:4      | Paralysed by Grinder for 3 turns
  3212 | D:4      | 3212 ||| FLEEEEING.
  3213 | D:4      | 3213 ||| FLEEEEING.
  3218 | D:4      | 3218 ||| FLEEEEING.
  3229 | D:4      | HP: 6/30 [Grinder/nerve-wracking pain (6)]
  3230 | D:4      | 3230 ||| DRINKING potion of heal wounds.
  3231 | D:4      | Killed Grinder
  3232 | D:4      | Reached skill level 3 in Fighting
  3232 | D:4      | Reached XP level 6. HP: 33/37 MP: 8/8
  3455 | D:4      | Found a sacrificial altar of Ru.
  3663 | D:4      | 3663 ||| UPGRADING to +0 ring mail.
  3673 | D:4      | 3673 ||| DROPPING +0 scale mail.
  3674 | D:4      | 3674 ||| UPGRADING to ring of resist corrosion.
  3675 | D:4      | 3675 ||| READING scroll labelled RIZIAL VANNUNAUNE.
  3722 | D:5      | Entered Level 5 of the Dungeon
  3742 | D:5      | Found a staircase to the Ecumenical Temple.
  3743 | D:5      | 3743 ||| PLANNING TEMPLE
  3766 | D:5      | Reached XP level 7. HP: 20/41 MP: 9/9
  3775 | D:5      | Reached skill level 10 in Ranged Weapons
  3885 | Temple   | Entered the Ecumenical Temple
  3919 | Temple   | 3919 ||| PLANNING D:1-11
  3965 | D:5      | Reached skill level 3 in Dodging
  4083 | D:5      | 4083 ||| SWAPPING to +0 orcbow.
  4084 | D:5      | 4084 ||| DROPPING +1 shortbow of flaming.
  4159 | D:5      | Reached skill level 11 in Ranged Weapons
  4172 | D:5      | Found a broken altar of Ashenzari.
  4177 | D:5      | Found a runed translucent door.
  4212 | D:5      | Noticed qw's ghost (novice GrFi)
  4301 | D:5      | Identified the +1 leather armour of Temperance {rElec rF-
                  | rN+++ Dex-5}
  4388 | D:5      | Found a hazy altar of Hepliaklqana.
  4439 | D:5      | 4439 ||| DROPPING +1 leather armour of Temperance {rElec
                  | rF- rN+++ Dex-5}.
  4440 | D:5      | 4440 ||| READING scroll labelled INNUMI GEWAA.
  4441 | D:5      | 4441 ||| DRINKING 2 amethyst potions.
  4442 | D:5      | 4442 ||| DRINKING 2 inky potions.
  4443 | D:5      | 4443 ||| DRINKING 2 brown potions.
  4484 | D:6      | 4484 ||| FLEEEEING.
  4485 | D:6      | 4485 ||| FLEEEEING.
  4486 | D:6      | 4486 ||| FLEEEEING.
  4487 | D:6      | 4487 ||| FLEEEEING.
  4488 | D:6      | 4488 ||| FLEEEEING.
  4489 | D:6      | 4489 ||| STAIRDANCE
  4585 | D:6      | 4585 ||| STAIRDANCE
  4670 | D:6      | 4670 ||| STAIRDANCE
  4811 | D:6      | 4811 ||| STAIRDANCE
  4815 | D:5      | HP: 10/41 [iguana (8)]
  4818 | D:5      | HP: 4/41 [white imp/puff of frost (7)]
  4820 | D:5      | Reached XP level 8. HP: 5/46 MP: 10/10
  4820 | D:5      | Slain by a white imp

Levels and vault maps discovered:
D:1:      psy_arrival_whirlpool, layout_basic, minmay_large_rounded_square,
          chequers_hall_statues_y
D:2:      layout_basic, uniq_terence, uniq_robin, uniq_natasha
D:3:      layout_basic, ebering_ghost_reflecting_pool, serial_aquarium,
          aquarium_bridge_square [aquarium_subvault_wall,
          aquarium_subvault_bridge, aquarium_subvault_bridge,
          aquarium_subvault_wall], aquarium_bridge_long_separate
          [aquarium_subvault_wall, aquarium_subvault_window,
          aquarium_subvault_bridge, aquarium_subvault_wall,
          aquarium_subvault_bridge, aquarium_subvault_wall], aquarium_window_1,
          aquarium_window_corner, aquarium_view_2c, aquarium_balcony_1b,
          roderic_lattice_a
D:4:      layout_loops_ring, mainiacjoe_overflow_surrounded_room,
          chequers_serial_rivers_marsh, grunt_ministairs_7, minmay_vboxes,
          uniq_grinder
D:5:      layout_basic, kennysheep_little_box,
          worldfamousw_hep_ancestral_shrine, minmay_temple_entry_overgrown,
          ebering_ghost_sewer_d
D:6:      layout_cave_pools, nicolae_gozag_zags_fifth_avenue, uniq_eustachio
Temple:   hellmonk_temple_of_storms

Skill      XL: |  1  2  3  4  5  6  7 |
---------------+----------------------+-----
Ranged Weapons | 6 7 8 9 11 | 11.7
Armour         | 1 |  1.0
Fighting       | 3 |  3.4
Dodging        | 3 |  3.2
Stealth        | |  1.2

Action                     |  1- 3 |  4- 6 |  7- 9 || total
---------------------------+-------+-------+-------++-------
   Fire: Shortbow          |    86 |   185 |    19 ||   290
         Orcbow            |       |       |    48 ||    48
    Use: Scroll            |     1 |    10 |     1 ||    12
         Potion            |       |     3 |     3 ||     6
 Armour: Leather armour    |    10 |     1 |       ||    11
         Scale mail        |       |    33 |       ||    33
         Ring mail         |       |     8 |    14 ||    22
  Dodge: Dodged            |    20 |    44 |    21 ||    85

Table legend:
 A = Non-vault XP
 B = Vault XP
 C = Vault XP percentage of total XP
 D = Non-vault monster count
 E = Vault monster count
 F = Vault count percentage of total count
                 A         B        C        D         E       F
            +---------+---------+-------+---------+---------+-------
      Total |    1050 |     392 |  27.2 |      84 |      20 |  19.2
            +---------+---------+-------+---------+---------+-------
        D:1 |      46 |       0 |   0.0 |      26 |       0 |   0.0
        D:2 |      26 |     106 |  80.3 |      10 |      13 |  56.5
        D:3 |      84 |       0 |   0.0 |      19 |       0 |   0.0
        D:4 |     119 |     286 |  70.6 |      15 |       7 |  31.8
        D:5 |     733 |       0 |   0.0 |      13 |       0 |   0.0
        D:6 |      42 |       0 |   0.0 |       1 |       0 |   0.0
            +---------+---------+-------+---------+---------+-------
